 Dungeon Crawl Stone Soup version 0.28-a0-1117-g0bdd5ba030 (webtiles) character file.

Game seed: 1766280387771869017

741 miscthings the Charlatan (level 7, -19/53 HPs)
             Began as a Gnoll Artificer on Dec 12, 2021.
             Demolished by an ogre (20 damage)
             ... on level 5 of the Dungeon.
             The game lasted 00:08:36 (4865 turns).

miscthings the Charlatan (Gnoll Artificer)          Turns: 4865, Time: 00:08:37

Health: -19/53     AC: 11    Str: 14    XL:     7   Next: 75%
Magic:  0/11       EV: 10    Int: 10    God:
Gold:   311        SH:  0    Dex: 12    Spells: 11/11 levels left

rFire   + . .      SeeInvis .   a - +1 dagger (venom)
rCold   . . .      Faith    .   (no shield)
rNeg    . . .      Spirit   +   i - +0 scale mail
rPois   .          Reflect  .   f - +0 helmet
rElec   .          Harm     .   o - +0 cloak
rCorr   .          Rampage  .   p - +0 pair of gloves
Will    .....                   (no boots)
Stlth   +.........              E - amulet of guardian spirit
HPRegen 0.17/turn               n - ring of protection from fire
MPRegen 0.12/turn               (no ring)

@: mighty, on berserk cooldown, slowed, very slow
A: fangs 1, strong nose, distributed training
a: no special abilities


You were on level 5 of the Dungeon.
You visited 1 branch of the dungeon, and saw 5 of its levels.
You also visited: Ossuary.

You collected 311 gold pieces.

Inventory:

Hand Weapons
 a - a +1 dagger of venom (weapon)
 s - a +1 short sword of speed
Missiles
 y - 2 throwing nets
Armour
 f - a +0 helmet (worn)
 i - a +0 scale mail (worn)
 o - a +0 cloak (worn)
 p - a +0 pair of gloves (worn)
 r - a +0 ring mail
Jewellery
 n - a ring of protection from fire (left hand)
 E - an amulet of guardian spirit (around neck)
Wands
 c - a wand of flame (13) (quivered)
 d - a wand of charming (2)
Scrolls
 b - a scroll of enchant weapon {unknown}
 g - a scroll of noise {unknown}
 h - a scroll of identify {@r1}
 j - 3 scrolls of teleportation
 m - a scroll of amnesia {unknown}
 t - a scroll of blinking {unknown}
 x - a scroll of fog {unknown}
 z - a scroll of immolation {unknown}
 A - a scroll of silence {unknown}
 D - 2 scrolls of vulnerability {unknown}
Potions
 k - a potion of heal wounds
 l - 2 potions of mutation
 q - a potion of magic
 u - 2 potions of cancellation
 w - a potion of curing {unknown}
 B - a potion of berserk rage
 C - a potion of flight {unknown}
Miscellaneous
 e - a piece from Xom's chessboard (15/15)


   Skills:
 + Level 3.8 Fighting
 + Level 2.7 Short Blades
 + Level 2.7 Long Blades
 + Level 2.7 Axes
 + Level 2.7 Maces & Flails
 + Level 2.7 Polearms
 + Level 2.7 Staves
 + Level 2.7 Slings
 + Level 2.7 Bows
 + Level 2.7 Crossbows
 + Level 2.7 Throwing
 + Level 5.3 Armour
 + Level 3.8 Dodging
 + Level 3.6 Stealth
 + Level 2.7 Shields
 + Level 2.7 Unarmed Combat
 + Level 2.7 Spellcasting
 + Level 2.2 Conjurations
 + Level 2.2 Hexes
 + Level 2.2 Summonings
 + Level 2.2 Necromancy
 + Level 2.2 Translocations
 + Level 2.2 Transmutations
 + Level 2.2 Fire Magic
 + Level 2.2 Ice Magic
 + Level 2.2 Air Magic
 + Level 2.2 Earth Magic
 + Level 2.2 Poison Magic
 + Level 3.0 Invocations
 + Level 7.1 Evocations


You had 11 spell levels left.
You didn't know any spells.
Your spell library was empty.

Dungeon Overview and Level Annotations

Branches:
Dungeon (5/15)            Ossuary (visited)
 Temple: D:4-7

Altars:

Shops:
D:3 (?


Innate Abilities, Weirdness & Mutations

You have very sharp teeth.
Your uncanny sense of smell can sniff out nearby items.
Your experience applies equally to all skills.


Message History

The puff of flame hits you. You resist.
* * * LOW HITPOINT WARNING * * *
You feel much better.
You hear some strange, mumbled words.
You are more confused.
The ogre hits you with a +0 giant spiked club!
Something hits you.
The ogre hits you with a +0 giant spiked club!
* * * LOW HITPOINT WARNING * * *
You feel much better. Something hits you but does no damage.
The ogre barely misses you. Something hits you but does no damage.
You closely miss the ogre.
The ogre is moderately wounded.
Something hits you. The ogre barely misses you.
The orc wizard hits you but does no damage.
Something hits you but does no damage.
The orc wizard hits you but does no damage.
The ogre looks more healthy.
You're too confused to move!
The ogre closely misses you.
The orc wizard hits you with a +0 dagger.
The ogre hits you with a +0 giant spiked club!
* * * LOW HITPOINT WARNING * * *
Reactivating autopickup.
You feel a bit more experienced. The orc wizard barely misses you.
Something hits you but does no damage.
Deactivating autopickup; reactivate with Ctrl-A.
Your Invocations skill increases to level 3!
The orc wizard points at you and mumbles some strange words.
The magic dart hits you!
* * * LOW HITPOINT WARNING * * *
Something hits you.
* * * LOW HITPOINT WARNING * * *
The orc wizard points at you and mumbles some strange words.
You resist with some effort.
You barely miss something. Your bite misses something.
You feel less confused. Something hits you.
* * * LOW HITPOINT WARNING * * *
The ogre hits you with a +0 giant spiked club!!
You die...

............#
.............
............####
...................#
........)........##.#
.......<.............#
.........(...........#.#
.......................#
..........$.....@O.#####.#
............<...o........#
..........)........#######
..............<..).#
.........).........#
...................#
......####.)....####
###...# ###.##...# #...#
#...##...#


You could see an ogre and an orc wizard.

Vanquished Creatures
  An orc warrior (D:4)
  An elf zombie (Ossuary)
  A howler monkey (D:4)
  2 centaur zombies (Ossuary)
  A bullfrog zombie (D:5)
  A jelly (D:5)
  A gnoll shaman (D:4)
  An orc wizard (D:5)
  A hound skeleton (D:4)
  2 mummies (Ossuary)
  Robin (D:2)
  3 gnolls
  2 adders
  An adder zombie (Ossuary)
  2 worms
  2 dart slugs
  An orc (D:3)
  8 ball pythons
  6 bats
  6 endoplasms
  A giant cockroach (D:1)
  11 goblins
  13 hobgoblins
  2 jackals (D:3)
  8 kobolds
  7 quokkas
  4 frilled lizards
  A goblin zombie (Ossuary)
  7 hobgoblin zombies (Ossuary)
  2 jackal zombies (Ossuary)
  11 kobold zombies (Ossuary)
  9 orc zombies (Ossuary)
  7 rats
  2 rat zombies (Ossuary)
129 creatures vanquished.

Vanquished Creatures (collateral kills)
  An ogre (D:4)
  5 gnolls
  2 orcs (D:4)
8 creatures vanquished.

Vanquished Creatures (others)
  A gnoll sergeant (D:5)
  A scorpion (D:5)
  A bullfrog skeleton (D:5)
  2 gnolls
  2 plants
7 creatures vanquished.

Grand Total: 144 creatures vanquished

Notes
Turn   | Place    | Note
-------+----------+-------------------------------------------
     0 | D:1      | miscthings the Gnoll Artificer began the quest for the Orb.
     0 | D:1      | Reached XP level 1. HP: 17/17 MP: 1/1
   525 | D:1      | Reached XP level 2. HP: 20/23 MP: 2/2
   713 | D:1      | Found a faded altar of an unknown god.
   864 | D:1      | Reached XP level 3. HP: 24/28 MP: 3/3
  1504 | D:2      | Reached skill level 1 in Invocations
  1825 | D:2      | Reached skill level 1 in Short Blades
  1825 | D:2      | Reached skill level 1 in Long Blades
  1825 | D:2      | Reached skill level 1 in Axes
  1825 | D:2      | Reached skill level 1 in Maces & Flails
  1825 | D:2      | Reached skill level 1 in Polearms
  1825 | D:2      | Reached skill level 1 in Staves
  1825 | D:2      | Reached skill level 1 in Slings
  1825 | D:2      | Reached skill level 1 in Bows
  1825 | D:2      | Reached skill level 1 in Crossbows
  1825 | D:2      | Reached skill level 1 in Throwing
  1825 | D:2      | Reached skill level 1 in Shields
  1825 | D:2      | Reached skill level 1 in Unarmed Combat
  1825 | D:2      | Reached skill level 1 in Spellcasting
  1825 | D:2      | Reached XP level 4. HP: 29/34 MP: 5/5
  2050 | D:2      | Noticed Robin
  2089 | D:2      | Killed Robin
  2109 | D:2      | Reached skill level 1 in Conjurations
  2109 | D:2      | Reached skill level 1 in Hexes
  2109 | D:2      | Reached skill level 1 in Summonings
  2109 | D:2      | Reached skill level 1 in Necromancy
  2109 | D:2      | Reached skill level 1 in Translocations
  2109 | D:2      | Reached skill level 1 in Transmutations
  2109 | D:2      | Reached skill level 1 in Fire Magic
  2109 | D:2      | Reached skill level 1 in Ice Magic
  2109 | D:2      | Reached skill level 1 in Air Magic
  2109 | D:2      | Reached skill level 1 in Earth Magic
  2109 | D:2      | Reached skill level 1 in Poison Magic
  2864 | D:3      | Found Baazum's Magic Scroll Shop.
  3117 | D:3      | Found Saurenor's Antique Weapon Shop.
  3532 | D:4      | Reached XP level 5. HP: 40/40 MP: 5/7
  3673 | D:4      | Noticed an orc warrior
  3685 | D:4      | Noticed an ogre
  3689 | D:4      | Killed an ogre
  3690 | D:4      | Reached XP level 6. HP: 35/47 MP: 8/8
  3720 | D:4      | Killed an orc warrior
  3721 | D:4      | Reached skill level 5 in Armour
  4045 | D:5      | Entered Level 5 of the Dungeon
  4063 | D:5      | Found a sand-covered staircase.
  4073 | Ossuary  | Entered an ossuary
  4216 | Ossuary  | Reached XP level 7. HP: 51/52 MP: 10/10
  4265 | Ossuary  | Reached skill level 7 in Evocations
  4865 | D:5      | HP: 1/53 [something (2)]
  4865 | D:5      | Demolished by an ogre

Illustrated notes

Levels and vault maps discovered:
D:1:      dpeg_arrival_brainrot, layout_loops_ring,
          shapermc_ecumenical_altar_flowoftime, minmay_hexomino_c4
D:2:      layout_basic, guppyfry_early_lair_pool, uniq_robin
D:3:      layout_loops_ring, serial_rivers, chequers_serial_rivers_large_b,
          chequers_serial_rivers_small_b, chequers_serial_rivers_micro_c,
          chequers_serial_rivers_large_a, serial_shops, shop, shop_coins,
          hangedman_glass_teeth
D:4:      layout_gridville
D:5:      layout_basic, nicolae_ashenzari_skybound, nicolae_ossuary_entry_ruins

Skill      XL: |  1  2  3  4  5  6  7 |
---------------+----------------------+-----
Invocations    | 1 2 3 |  3.0
Short Blades   | 1 2 |  2.7
Long Blades    | 1 2 |  2.7
Axes           | 1 2 |  2.7
Maces & Flails | 1 2 |  2.7
Polearms       | 1 2 |  2.7
Staves         | 1 2 |  2.7
Slings         | 1 2 |  2.7
Bows           | 1 2 |  2.7
Crossbows      | 1 2 |  2.7
Throwing       | 1 2 |  2.7
Shields        | 1 2 |  2.7
Unarmed Combat | 1 2 |  2.7
Spellcasting   | 1 2 |  2.7
Conjurations   | 1 2 |  2.2
Hexes          | 1 2 |  2.2
Summonings     | 1 2 |  2.2
Necromancy     | 1 2 |  2.2
Translocations | 1 2 |  2.2
Transmutations | 1 2 |  2.2
Fire Magic     | 1 2 |  2.2
Ice Magic      | 1 2 |  2.2
Air Magic      | 1 2 |  2.2
Earth Magic    | 1 2 |  2.2
Poison Magic   | 1 2 |  2.2
Fighting       | 3 |  3.8
Dodging        | 3 |  3.8
Stealth        | 3 |  3.6
Armour         | 5 |  5.3
Evocations     | 7 |  7.1

Action                   |  1- 3 |  4- 6 |  7- 9 || total
-------------------------+-------+-------+-------++-------
Melee: Whip              |   138 |    31 |       ||   169
       Bite              |    16 |    31 |    11 ||    58
       Club              |     4 |       |       ||     4
       Dagger            |       |   110 |    24 ||   134
       Short sword       |       |   123 |    33 ||   156
       Punch             |       |     2 |     2 ||     4
       Unarmed           |       |       |    74 ||    74
Evoke: Wand              |     1 |     6 |     8 ||    15
       Piece from Xom's  |       |     2 |     1 ||     3
  Use: Scroll            |       |     6 |     1 ||     7
       Potion            |       |       |     5 ||     5
 Stab: Sleeping          |     4 |       |       ||     4
       Petrified         |       |     5 |       ||     5
Armor: Leather armour    |    39 |       |       ||    39
       Ring mail         |    14 |       |       ||    14
       Scale mail        |       |    96 |    47 ||   143
       Skin              |       |       |    61 ||    61
Dodge: Dodged            |   101 |   117 |    49 ||   267

Table legend: (Time is in decaauts)
 A = Elapsed time spent in this place.
 B = Non-inter-level travel time spent in this place.
 C = Inter-level travel time spent in this place.
 D = Time resting spent in this place.
 E = Time spent auto-exploring this place.
 F = Levels seen in this place.
 G = Mean time per level.
                   A        B        C        D        E       F      G
               +--------+--------+--------+--------+--------+-----+--------+
         Total |   4853 |   4697 |    156 |   1170 |   2291 |   6 |  808.8 |
       Dungeon |   4526 |   4370 |    156 |   1126 |   2214 |   5 |  905.2 |
       Ossuary |    327 |    327 |      0 |     44 |     77 |   1 |  327.0 |
               +--------+--------+--------+--------+--------+-----+--------+

Top non-repeatable levels by time:
     D:1: 1504 daAuts
     D:2: 1092 daAuts
     D:3: 918 daAuts
     D:4: 557 daAuts
     D:5: 453 daAuts
 Ossuary: 327 daAuts
